 Dungeon Crawl Stone Soup version 0.24-a0-282-g1a68c91 (webtiles) character file.

Game seed: 15998563460843744154

4 MatthieuS the Conjurer (level 1, -1/14 HPs)
             Began as a Draconian Conjurer on May 2, 2019.
             Slain by a jackal (2 damage)
             ... on level 1 of the Dungeon.
             The game lasted 00:01:10 (796 turns).

MatthieuS the Conjurer (Draconian Conjurer)          Turns: 796, Time: 00:01:10

Health: -1/14      AC:  4    Str: 10    XL:     1   Next: 50%
Magic:  0/3        EV: 12    Int: 15    God:
Gold:   0          SH:  0    Dex: 11    Spells: 3/4 levels left

rFire    . . .     SeeInvis .   (no weapon)
rCold    . . .     Gourm    .   (no shield)
rNeg     . . .     Faith    .   (armour unavailable)
rPois    .         Spirit   .   (helmet restricted)
rElec    .         Reflect  .   (no cloak)
rCorr    .         Harm     .   (no gloves)
MR       .....                  (no boots)
Stlth    ++........             a - amulet of inaccuracy (curse)
HPRegen  0.04/turn              (no ring)
MPRegen  0.08/turn              (no ring)

@: very slightly contaminated
A: unfitting armour, cold-blooded, AC +4
a: no special abilities


You were on level 1 of the Dungeon.
You were not hungry.

You visited 1 branch of the dungeon, and saw 1 of its levels.

Inventory:

Jewellery
 a - a cursed amulet of inaccuracy (around neck)
   (You found it on level 1 of the Dungeon)
Comestibles
 e - a ration


   Skills:
 - Level 1.7 Dodging
 - Level 1.7 Stealth
 + Level 2.1 Spellcasting
 + Level 4.1 Conjurations


You had 3 spell levels left.
You knew the following spells:

 Your Spells              Type           Power        Failure   Level  Hunger
a - Magic Dart            Conj           ##..         4%          1    #......

Your spell library contained the following spells:

 Spells                   Type           Power        Failure   Level  Hunger
 Searing Ray              Conj           ##....       6%          2    ###....
 Dazzling Spray           Conj/Hex       #.....       28%         3    ###....
 Iskenderun's Mystic Bla  Conj           ##......     38%         4    #####..
 Force Lance              Conj/Tloc      #.......     67%         4    #####..
 Fulminant Prism          Conj/Hex       #.........   67%         4    #####..


Dungeon Overview and Level Annotations

Branches:
Dungeon (1/15)

Altars:


Innate Abilities, Weirdness & Mutations

Your plain brown scales are hard. (AC +4)
You cannot fit into any form of body armour.
You are cold-blooded and may be slowed by cold attacks.


Message History

Your unstable footing causes you to fumble your attack.
The bat closely misses you. The jackal bites you. The bat barely misses you.
There is a large open door here.
The bat hits you but does no damage. The bat hits you but does no damage.
There is an open door here.
The bat closely misses you.
Aim: a bat The magic dart hits the bat.
You kill the bat!
The jackal misses you.
Aim: a jackal You miscast Magic Dart.
You are very lightly contaminated with residual magic.
Strange energies run through your body. The jackal barely misses you.
You don't have enough magic to cast that spell.
You miss the jackal.
The jackal bites you but does no damage.
The jackal completely misses you.
You miss the jackal.
The jackal bites you but does no damage.
You hit the jackal. The jackal bites you.
You closely miss the jackal. The jackal bites you.
* * * LOW HITPOINT WARNING * * *
The jackal closely misses you.
Aim: a jackal (moderately wounded)
The magic dart hits the jackal.
The jackal barely misses you.
Unknown command.
You closely miss the jackal. The jackal closely misses you.
The jackal bites you but does no damage.
You miss the jackal.
The jackal bites you but does no damage.
You closely miss the jackal.
Your tail-slap misses the jackal.
The jackal closely misses you.
You closely miss the jackal.
The jackal bites you but does no damage.
The jackal barely misses you.
Sorry, you're not good enough to have a special ability.
You miss the jackal. The jackal closely misses you.
You closely miss the jackal. The jackal misses you. The jackal bites you.
* * * LOW HITPOINT WARNING * * *
You barely miss the jackal.
The jackal bites you but does no damage.
You closely miss the jackal. The jackal bites you.
* * * LOW HITPOINT WARNING * * *
You hit the jackal but do no damage.
You tail-slap the jackal, but do no damage.
The jackal bites you.
You die...

..........................
........................#
........................##.
≈)≈≈≈≈≈≈≈≈≈≈≈≈≈≈≈≈≈≈≈≈≈....
≈≈≈≈≈≈≈≈≈≈≈≈≈≈≈≈≈≈≈≈≈≈≈......
≈≈≈≈≈≈≈≈≈≈≈≈≈≈≈≈≈≈≈≈≈≈≈......
≈≈≈#'#+#≈≈≈≈≈≈≈#+#'#≈≈≈....#####
≈≈≈'(..##+###'##..>'≈≈≈........#
≈≈≈'.(.#.......#@†.'≈≈≈........#
≈≈≈#'###.#####.#h#'#≈≈≈........#
≈≈≈≈≈(...#...#..g#≈≈≈≈.........##
≈≈≈≈≈#.###.<.'.⌠.'≈≈≈..⌠.........
≈≈≈≈≈#.###...'.⌠.'≈g≈..⌠...###.†.
≈≈≈≈≈+...#...#...#≈K≈≈.....# ..
≈≈≈#+###.#####.###'#≈≈≈....# .
≈≈≈'...'.......'...'≈≈≈....#
≈≈≈'...##+###'##..['≈≈≈....#


You could see a jackal and a goblin.

Vanquished Creatures
  A hobgoblin (D:1)
  A jackal (D:1)
  2 bats (D:1)
4 creatures vanquished.

Notes
Turn   | Place    | Note
-------+----------+-------------------------------------------
     0 | D:1      | MatthieuS the Draconian Conjurer began the quest for the
                  | Orb.
     0 | D:1      | Reached XP level 1. HP: 14/14 MP: 3/3
   796 | D:1      | Slain by a jackal

Levels and vault maps discovered:
D:1:      dpeg_arrival_castle, layout_basic

Action                   || total
-------------------------++-------
Melee: Unarmed           ||    15
       Tailslap          ||     2
 Cast: Magic Dart        ||    15
Armor: Skin              ||    16
Dodge: Dodged            ||    23

Table legend:
 A = Non-vault XP
 B = Vault XP
 C = Vault XP percentage of total XP
 D = Non-vault monster count
 E = Vault monster count
 F = Vault count percentage of total count
                 A         B        C        D         E       F
            +---------+---------+-------+---------+---------+-------
      Total |       6 |       0 |   0.0 |       4 |       0 |   0.0
            +---------+---------+-------+---------+---------+-------
        D:1 |       6 |       0 |   0.0 |       4 |       0 |   0.0
            +---------+---------+-------+---------+---------+-------
